 Dungeon Crawl Stone Soup version 0.29-a0-222-g5b244fca1f (webtiles) character file.

Game seed: 8517144489334649489

1033 Moonsky the Cleaver (level 8, -5/71 HPs)
             Began as a Minotaur Berserker on Feb 27, 2022.
             Was a Believer of Trog.
             Killed from afar by Harold (9 damage)
             ... with a harpoon shot
             ... on level 7 of the Dungeon.
             The game lasted 00:08:38 (3962 turns).

Moonsky the Cleaver (Minotaur Berserker)            Turns: 3962, Time: 00:08:54

Health: -5/71      AC:  9    Str: 24    XL:     8   Next: 3%
Magic:  7/7        EV:  5    Int:  4    God:    Trog [**....]
Gold:   102        SH:  0    Dex: 10    Spells: 7/7 levels left

rFire   . . .      SeeInvis .   a - +1 hand axe
rCold   . . .      Faith    .   (no shield)
rNeg    . . .      Spirit   .   m - +0 scale mail
rPois   .          Reflect  .   (helmet restricted)
rElec   .          Harm     .   (no cloak)
rCorr   .          Rampage  .   i - +1 pair of gloves
Will    .....                   (no boots)
Stlth   ..........              (no amulet)
HPRegen 0.21/turn               (no ring)
MPRegen 0.10/turn               (no ring)

@: about to teleport, held
A: horns 2, retaliatory headbutt
a: Renounce Religion, Berserk, Trog's Hand


You were on level 7 of the Dungeon.
You worshipped Trog.
Trog was pleased with you.
You visited 1 branch of the dungeon, and saw 5 of its levels.
You also visited: Sewer.

You collected 102 gold pieces.

Inventory:

Hand Weapons
 a - a +1 hand axe (weapon)
Missiles
 c - 2 throwing nets
Armour
 i - a +1 pair of gloves (worn)
 m - a +0 scale mail (worn)
Wands
 f - a wand of mindburst (7)
 k - a wand of iceblast (3) (quivered)
Scrolls
 d - 2 scrolls of magic mapping
 g - a scroll of enchant armour
 h - 2 scrolls of identify
Potions
 b - a potion of haste {unknown}


   Skills:
 + Level 6.6 Fighting
 * Level 8.7 Axes
 + Level 6.0 Armour
 - Level 2.1 Dodging


You had 7 spell levels left.
You didn't know any spells.
Your spell library was empty.

Dungeon Overview and Level Annotations

Branches:
Dungeon (4/15)             Temple (0/1) D:4           Sewer (visited)

Altars:
Hepliaklqana

Shops:
D:3 [

Annotations:
D:7 Harold


Innate Abilities, Weirdness & Mutations

You have a pair of horns on your head.
You reflexively headbutt those who attack you in melee.


Message History

a +0 shortbow; a centaur corpse
Found a scroll of magic mapping.
A steam dragon comes into view.
Harold shouts!
You hear an angry hiss.
Harold drinks a potion.
Harold flickers and vanishes!
Deactivating autopickup; reactivate with Ctrl-A.
Things that are here:
a +0 shortbow; a centaur corpse The steam dragon breathes steam at you.
The ball of steam hits you.
A throwing net appears from out of thin air!
The throwing net hits you.
You become entangled in the net!
You see here a throwing net.
You struggle against the net.
You are engulfed in a cloud of scalding steam.
Unknown command.
You tear a large gash into the net.
You are engulfed in a cloud of scalding steam.
Unknown command.
You struggle against the net.
You shred the net and break free! The steam dragon breathes steam at you.
The ball of steam hits you!!
* * * LOW HITPOINT WARNING * * *
A throwing net appears from out of thin air!
The throwing net hits you.
You become entangled in the net!
Things that are here:
a throwing net; a +0 shortbow; a centaur corpse You feel better.
You are engulfed in a cloud of scalding steam.
* * * LOW HITPOINT WARNING * * *
Okay, then.
As you read the scroll of teleportation, it crumbles to dust.
You feel strangely unstable.
You are engulfed in a cloud of scalding steam.
* * * LOW HITPOINT WARNING * * *
You hear some strange, mumbled words.
A harpoon shot appears from out of thin air!
The harpoon shot hits you!
You die...

###+############.#
.......ยงยง@D......?
##......#........
#......#......##
#......+..{.....
#......#......##
#..)).)#......#
###...)))#......#
#........#.......
#........#


You could see a steam dragon (catching breath).

Vanquished Creatures
  Sigmund (D:3)
  A steam dragon (D:4)
  A water moccasin (D:7)
  3 ogres (D:4)
  A centaur (D:7)
  A gnoll shaman (D:7)
  A hound (D:4)
  Jessica (D:3)
  An iguana (D:7)
  Ijyb (D:3)
  8 gnolls
  An adder (D:2)
  An ufetubus (D:4)
  4 worms
  3 orcs (D:3)
  10 endoplasms
  7 giant cockroaches
  3 goblins
  4 hobgoblins
  7 jackals
  5 quokkas
  6 ball pythons
  4 bats
  5 frilled lizards
  2 kobolds
  9 rats
91 creatures vanquished.

Notes
Turn   | Place    | Note
-------+----------+-------------------------------------------
     0 | D:1      | Moonsky the Minotaur Berserker began the quest for the Orb.
     0 | D:1      | Reached XP level 1. HP: 19/19 MP: 0/0
     1 | D:1      | Found a runed translucent door.
   467 | D:1      | Found a faded altar of an unknown god.
   553 | D:1      | Reached skill level 4 in Axes
   553 | D:1      | Reached XP level 2. HP: 27/27 MP: 1/1
   566 | D:1      | Reached XP level 3. HP: 33/33 MP: 2/2
   567 | D:1      | Reached ** piety under Trog
   680 | D:2      | Found a hazy altar of Hepliaklqana.
  1588 | D:3      | Reached XP level 4. HP: 27/41 MP: 3/3
  1621 | D:3      | Identified the +0 robe of Nusm {rPois Str-5 Int-4 Stlth+}
  1641 | D:3      | Reached skill level 5 in Axes
  2066 | D:3      | Found Jokhladum's Antique Armour Boutique.
  2092 | D:3      | Noticed Ijyb
  2102 | D:3      | Killed Ijyb
  2103 | D:3      | Reached XP level 5. HP: 47/47 MP: 4/4
  2358 | D:3      | Noticed Jessica
  2366 | D:3      | Killed Jessica
  2594 | D:3      | Noticed Sigmund
  2613 | D:3      | Killed Sigmund
  2614 | D:3      | Reached skill level 5 in Fighting
  2614 | D:3      | Reached skill level 6 in Axes
  2614 | D:3      | Reached XP level 6. HP: 56/56 MP: 5/5
  3111 | D:4      | Noticed a steam dragon
  3118 | D:4      | Killed a steam dragon
  3119 | D:4      | Reached skill level 7 in Axes
  3124 | D:4      | Reached skill level 5 in Armour
  3124 | D:4      | Reached XP level 7. HP: 62/62 MP: 6/6
  3297 | D:4      | Found a glowing drain.
  3318 | Sewer    | Entered a sewer
  3456 | D:4      | You fall into a shaft and drop 3 floors!
  3466 | D:7      | Reached skill level 8 in Axes
  3938 | D:7      | Noticed Harold
  3951 | D:7      | Reached XP level 8. HP: 47/71 MP: 7/7
  3962 | D:7      | Killed from afar by Harold

Illustrated notes

Levels and vault maps discovered:
D:1:      dpeg_arrival_caged_fury, layout_rooms,
          ebering_ecumenical_altar_abandoned, kennysheep_decorative_pillar
D:2:      layout_basic, basic_altar
D:3:      layout_rooms, serial_shops, nicolae_shop_competitors_out_of_business,
          uniq_ijyb, uniq_sigmund, uniq_jessica
D:4:      minmay_spotlight, layout_basic, nicolae_qazlal_general_emergency,
          minmay_temple_entry_grid, portal_sewer_entry_f, chequers_jeans
D:7:      layout_basic, grunt_temple_overflow_holy_war,
          minmay_tree_intersection, uniq_harold, uniq_maggie

Skill      XL: |  1  2  3  4  5  6  7 |
---------------+----------------------+-----
Axes           | 4 5 6 7 8 |  8.7
Fighting       | 4 5 6 |  6.6
Armour         | 3 4 5 6 |  6.0
Dodging        | |  2.1

Action                   |  1- 3 |  4- 6 |  7- 9 || total
-------------------------+-------+-------+-------++-------
Melee: Hand axe          |    73 |    69 |    61 ||   203
       Headbutt          |     8 |     6 |     9 ||    23
       Punch             |     1 |     1 |       ||     2
Invok: Berserk           |     1 |     4 |     1 ||     6
       Trog's Hand       |       |     3 |     1 ||     4
  Use: Potion            |     1 |       |     2 ||     3
       Scroll            |       |     9 |     1 ||    10
Armor: Animal skin       |     8 |       |       ||     8
       Ring mail         |     9 |    11 |       ||    20
       Scale mail        |       |    14 |    41 ||    55
Dodge: Dodged            |    49 |    19 |    36 ||   104

Table legend: (Time is in decaauts)
 A = Elapsed time spent in this place.
 B = Non-inter-level travel time spent in this place.
 C = Inter-level travel time spent in this place.
 D = Time resting spent in this place.
 E = Time spent auto-exploring this place.
 F = Levels seen in this place.
 G = Mean time per level.
                   A        B        C        D        E       F      G
               +--------+--------+--------+--------+--------+-----+--------+
         Total |   4025 |   3978 |     47 |   1437 |   1880 |   6 |  670.8 |
       Dungeon |   4000 |   3953 |     47 |   1437 |   1875 |   5 |  800.0 |
         Sewer |     25 |     25 |      0 |      0 |      4 |   1 |   25.0 |
               +--------+--------+--------+--------+--------+-----+--------+

Top non-repeatable levels by time:
     D:3: 1589 daAuts
     D:2: 950 daAuts
     D:1: 587 daAuts
     D:7: 513 daAuts
     D:4: 360 daAuts
   Sewer: 25 daAuts
